 Dungeon Crawl Stone Soup version 0.21.1-1-g345015fe64 (webtiles) character file.

74 Knicklaso the Grave Robber (level 4, -4/34 HPs)
             Began as a Demonspawn Necromancer on Apr 14, 2018.
             Was an Initiate of Qazlal.
             Slain by Crazy Yiuf
             ... wielding a +2 quarterstaff of chaos
              (5 damage)
             ... on level 2 of the Dungeon.
             The game lasted 00:08:28 (2068 turns).

Knicklaso the Grave Robber (Demonspawn Necromancer) Turns: 2068, Time: 00:08:28

Health: -4/34      AC:  2    Str:  8    XL:     4   Next: 10%
Magic:  2/7        EV: 12    Int: 17    God:    Qazlal [......]
Gold:   65         SH:  0    Dex: 14    Spells: 5/7 levels left

rFire    . . .     SeeInvis .   (no weapon)
rCold    . . .     Gourm    .   (no shield)
rNeg     . . .     Faith    .   a - +0 robe
rPois    .         Spirit   .   (no helmet)
rElec    .         Reflect  .   (no cloak)
rCorr    .         Harm     .   (no gloves)
MR       .....                  (no boots)
Stlth    +++.......             (no amulet)
HPRegen  0.11/turn              (no ring)
MPRegen  0.10/turn              (no ring)

@: no status effects
A: nightstalker 1, powered by death 1
a: Renounce Religion


You were on level 2 of the Dungeon.
You worshipped Qazlal.
Qazlal was noncommittal.
You were not hungry.

You visited 1 branch of the dungeon, and saw 2 of its levels.

You collected 65 gold pieces.

Inventory:

Hand Weapons
 d - a cursed -1 dagger
 j - a +0 short sword of flaming
 p - a +2 short sword of distortion
Armour
 a - a +0 robe (worn)
 o - a cursed +0 ring mail
Jewellery
 e - an uncursed ring of resist corrosion {unknown}
Scrolls
 f - a scroll of identify {unknown}
 g - 5 scrolls of remove curse {unknown}
 h - a scroll of fear {unknown}
 k - a scroll of teleportation {unknown}
 m - a scroll of blinking {unknown}
Potions
 i - a potion of heal wounds {unknown}
Books
 b - a book of Necromancy

   Spells                             Type                      Level
   a - Pain                           Necromancy                   1
   b - Animate Skeleton               Necromancy                   1
   c - Vampiric Draining              Necromancy                   3
   d - Regeneration                   Charms/Necromancy            3
   e - Animate Dead                   Necromancy                   4
   f - Borgnjor's Vile Clutch         Necromancy/Earth             5
 n - a book of Minor Magic

   Spells                             Type                      Level
   a - Magic Dart                     Conjuration                  1
   b - Blink                          Translocation                2
   c - Call Imp                       Summoning                    2
   d - Slow                           Hexes                        2
   e - Conjure Flame                  Conjuration/Fire             3
   f - Mephitic Cloud                 Conjuration/Poison/Air       3
Comestibles
 c - 7 rations
 l - 3 chunks of flesh


   Skills:
 + Level 2.5 Fighting
 - Level 1.7 Dodging
 - Level 1.7 Stealth
 - Level 2.0 Spellcasting
 + Level 5.3 Necromancy


You had 5 spell levels left.
You knew the following spells:

 Your Spells              Type           Power        Failure   Level  Hunger
a - Pain                  Necr           ###.         1%          1    #......
b - Animate Skeleton      Necr           N/A          1%          1    #......


Dungeon Overview and Level Annotations

Branches:
Dungeon (2/15)

Altars:
Qazlal
The Shining One

Annotations:
D:2 Crazy Yiuf


Innate Abilities, Weirdness & Mutations

You are slightly more attuned to the shadows.
You regenerate a little health from kills.


Message History

Confirm with . or Enter, or press ? or * to list all spells.
Aiming: Pain
Press: ? - help, Shift-Dir - straight line, f/p - Crazy Yiuf
Aim: Crazy Yiuf, wielding a quarterstaff of chaos and wearing a cloak (moderately wounded, chance to defeat MR: 85%) Crazy Yiuf writhes in agony!
Your bat skeleton misses Crazy Yiuf.
Your bat skeleton hits Crazy Yiuf but does no damage.
Crazy Yiuf laughs, "Candle!
Whiteboard water tired."
Crazy Yiuf hits you with a quarterstaff of chaos.
Your bat skeleton hits Crazy Yiuf but does no damage.
Casting: Pain
Confirm with . or Enter, or press ? or * to list all spells.
Aiming: Pain
Press: ? - help, Shift-Dir - straight line, f/p - Crazy Yiuf
Aim: Crazy Yiuf, wielding a quarterstaff of chaos and wearing a cloak (severely wounded, chance to defeat MR: 85%) Crazy Yiuf writhes in agony!
Your bat skeleton hits Crazy Yiuf but does no damage. x2
Crazy Yiuf hits you with a quarterstaff of chaos!
* * * LOW HITPOINT WARNING * * *
Crazy Yiuf burns you.
You die...

####.######.#
#...........#
#.........(.#
##########
###.........#
#........#
#..........
###........#
#####
#.(......##
#>.........#
#..)#
#....<...#
##.#........#
#...#
#........#
...#......(.#
#@g.#
##......##
...#.......)#
##Z##
###########
##..........#
♣♣Z♣
#..........
.##.........#
♣.♣♣
##.###.####
..#.(..######
♣♣.♣ #..# #.#
..#....# ♣.♣♣
#.## #.#
.##....######
♣♣.♣♣ #.##
#.#
##.....##...#
♣...♣♣ #..#
#.#
........'...#
♣....♣ ##.#
#.#


You could see Crazy Yiuf, a friendly bat skeleton and a friendly hobgoblin
skeleton.

Vanquished Creatures
  2 adders (D:2)
  6 bats
  3 goblins (D:1)
  12 hobgoblins
  2 jackals (D:1)
  A quokka (D:2)
  3 frilled lizards
  7 kobolds
  2 rats (D:1)
38 creatures vanquished.

Vanquished Creatures (collateral kills)
  An ooze (D:2)
  3 dart slugs
  3 bats
  A giant cockroach (D:1)
  2 hobgoblins (D:2)
  A jackal (D:1)
  A kobold (D:2)
  A rat (D:1)
13 creatures vanquished.

Grand Total: 51 creatures vanquished

Notes
Turn   | Place    | Note
-------+----------+-------------------------------------------
     0 | D:1      | Knicklaso the Demonspawn Necromancer began the quest for the Orb.
     0 | D:1      | Reached XP level 1. HP: 13/13 MP: 3/3
   555 | D:1      | Reached skill level 1 in Fighting
   621 | D:1      | Gained mutation: You regenerate a little health from kills. [demonic ancestry]
   621 | D:1      | Reached XP level 2. HP: 20/21 MP: 0/5
   675 | D:1      | Learned a level 1 spell: Animate Skeleton
  1145 | D:1      | Gained mutation: You are slightly more attuned to the shadows. [demonic ancestry]
  1145 | D:1      | Reached XP level 3. HP: 27/27 MP: 4/6
  1162 | D:1      | Reached skill level 5 in Necromancy
  1485 | D:2      | Found a glowing golden altar of the Shining One.
  1488 | D:2      | Found a stormy altar of Qazlal.
  1524 | D:2      | Became a worshipper of Qazlal Stormbringer
  1834 | D:2      | Reached XP level 4. HP: 30/34 MP: 2/7
  2054 | D:2      | Found a runed door.
  2058 | D:2      | Noticed Crazy Yiuf
  2068 | D:2      | HP: 1/34 [Crazy Yiuf/quarterstaff of chaos (16)]
  2068 | D:2      | Slain by Crazy Yiuf

Skill      XL: |  1  2  3 |
---------------+----------+-----
Fighting       | 1 2 |  2.5
Necromancy     | 5 |  5.3
Dodging        | |  1.7
Stealth        | |  1.7
Spellcasting   | |  2.0

Action                   |  1- 3 |  4- 6 || total
-------------------------+-------+-------++-------
Melee: Unarmed           |    81 |     7 ||    88
 Cast: Pain              |    62 |    10 ||    72
       Animate Skeleton  |    14 |     2 ||    16
 Stab: Sleeping          |     1 |       ||     1
  Eat: Chunk             |     4 |     1 ||     5
Armor: Robe              |    33 |     2 ||    35
Dodge: Dodged            |   100 |    10 ||   110
